AoeStats
← dusthillresident

Hideout

509996615Analyzed
1v1 RM · 2d ago on Sep 29, 2026· 51m 47s· 2 players
Game mode
Random Map
Map size
Tiny (2 player)
Population
200
Speed
Normal
Resources
Standard
Victory
Conquest
Starting age
Dark Age
Ending age
Imperial Age
RankedLock teamsTeams togetherTeam positionsShared explorationLock speedFull tech treeHidden civsTurbo modeCheats
Victory
Defeat
🇩🇴 Portuguese · Dominican Republic
763
+17
🇬🇧 Inca · United Kingdom
792
-17
joaquintoyosb
0:43 Loom
12:15 Feudal Age
21:50 Double-Bit Axe
21:47 Horse Collar
26:49 Castle Age
24:58 Padded Archer Armor
24:48 Fletching
27:17 Forging
27:08 Scale Mail Armor
27:13 Scale Barding Armor
27:01 Crossbowman
28:16 Bodkin Arrow
28:37 Leather Archer Armor
31:10 Gold Mining
40:19 Thumb Ring
39:35 Elite Skirmisher
44:59 Bow Saw
48:45 Murder Holes
dusthillresident
8:06 Loom
12:26 Feudal Age
13:39 Champi Runner
14:17 Double-Bit Axe
14:15 Horse Collar
14:37 Arson
20:33 Forging
22:38 Scale Mail Armor
26:29 Wheelbarrow
29:51 Castle Age
29:51 Champi Warrior
30:32 Squires
31:12 Iron Casting
30:52 Chain Mail Armor
31:34 Hand Cart
31:42 Fletching
31:52 Padded Archer Armor
32:10 Elite Skirmisher
38:29 Bodkin Arrow
Connection lost

Rejoining the realm…

Still unreachable

The connection could not be restored.

Session expired

The server has moved on; the page needs a fresh start.